 Dungeon Crawl Stone Soup version 0.30-a0-737-gf23d94013f (webtiles) character file.

Game seed: 7165486788842874088

5 kiwi3s the Chopper (level 1, -1/20 HPs)
             Began as a Minotaur Berserker on Feb 3, 2023.
             Was a Follower of Trog.
             Slain by a quokka (2 damage)
             ... on level 1 of the Dungeon.
             The game lasted 00:00:10 (157 turns).

kiwi3s the Chopper (Minotaur Berserker)              Turns: 157, Time: 00:00:11

Health: -1/20      AC:  2    Str: 21    XL:     1   Next: 66%
Magic:  0/0        EV: 12    Int:  4    God:    Trog [*.....]
Gold:   8          SH:  0    Dex:  9    Spells: 0/0 levels left

rFire   . . .      SeeInvis .    a - +0 hand axe
rCold   . . .      Faith    .    (no shield)
rNeg    . . .      Spirit   .    b - +0 animal skin
rPois   .          Reflect  .    (helmet restricted)
rElec   .          Harm     .    (no cloak)
rCorr   .          Rampage  .    (no gloves)
Will    .....                    (no boots)
Stlth   +                        (no amulet)
HPRegen 0.23/turn                (no ring)
MPRegen 0.07/turn                (no ring)

@: no status effects
A: horns 2, retaliatory headbutt
a: Renounce Religion, Berserk


You were on level 1 of the Dungeon.
You worshipped Trog.
Trog was aware of your devotion.
You visited 1 branch of the dungeon, and saw 1 of its levels.

You collected 8 gold pieces.

Inventory:

Hand Weapons
 a - a +0 hand axe (weapon)
Armour
 b - a +0 animal skin (worn)
Potions
 c - a potion of cancellation {unknown}


   Skills:
 + Level 3.8 Fighting
 + Level 3.8 Axes
 + Level 2.5 Armour
 + Level 2.2 Dodging


You couldn't memorise any spells.
You didn't know any spells.
Your spell library was empty.

Dungeon Overview and Level Annotations

Branches:
Dungeon (1/15)

Altars:


Innate Abilities, Weirdness & Mutations

You have a pair of horns on your head.
You reflexively headbutt those who attack you in melee.


Message History

The quokka bites you. The quokka barely misses you.
The giant cockroach misses you.
Unknown command.
You are too injured to fight recklessly!
You hit the quokka but do no damage.
The quokka is heavily wounded.
You hit the giant cockroach but do no damage.
The quokka closely misses you. The giant cockroach misses you.
You are too injured to fight recklessly!
Unknown command.
You closely miss the quokka.
The quokka is heavily wounded.
You barely miss the giant cockroach. The quokka closely misses you.
The giant cockroach bites you but does no damage.
The giant cockroach attacks as you move away!
The giant cockroach misses you. The quokka barely misses you.
You furiously retaliate!
You headbutt the quokka. You hit the giant cockroach.
You kill the giant cockroach!
Trog accepts your kill.
You hit the quokka but do no damage. The quokka closely misses you.
You miss the quokka. Your headbutt misses the quokka.
The quokka is almost dead.
The quokka bites you.
Unknown command.
You hit the quokka but do no damage. Your headbutt misses the quokka.
The quokka is almost dead.
The quokka bites you.
You closely miss the quokka. Your headbutt misses the quokka.
The quokka is almost dead.
The quokka bites you.
* * * LOW HITPOINT WARNING * * *
The quokka bites you.
* * * LOW HITPOINT WARNING * * *
Unknown command.
You are too injured to fight recklessly!
You completely miss the quokka. Your headbutt misses the quokka.
The quokka is almost dead.
The quokka bites you.
You die...

######## #......#
####.####.# ####
#......##.# .....#
#.##.#.##.#
#.##..#######.##......#
..............####)####
........####### #.#
.#.....@# #.# #.#...†r#
#.# #....†......# #.###
#............# #...#
#............# ###.#
##.#.#....)..# #.#
#.#.#.......#######.# #
..!.......#.......# .#
#.......#.#####.#


You could see a quokka.

Vanquished Creatures
  A bat (D:1)
  A giant cockroach (D:1)
  A goblin (D:1)
  A ball python (D:1)
  A rat (D:1)
5 creatures vanquished.

Notes
Turn   | Place    | Note
-------+----------+-------------------------------------------
     0 | D:1      | kiwi3s the Minotaur Berserker began the quest for the Orb.
     0 | D:1      | Reached XP level 1. HP: 19/19 MP: 0/0
   156 | D:1      | HP: 1/20 [quokka (3)]
   157 | D:1      | Slain by a quokka

Illustrated notes

Levels and vault maps discovered:
D:1:      zelgadis_glass_arrival_small, layout_loops_cross

Action                     || total
---------------------------++-------
  Melee: Hand axe          ||    18
 Armour: Animal skin       ||     6
  Dodge: Dodged            ||    18

Table legend: (Time is in decaauts)
 A = Elapsed time spent in this place.
 B = Non-inter-level travel time spent in this place.
 C = Inter-level travel time spent in this place.
 D = Time resting spent in this place.
 E = Time spent auto-exploring this place.
 F = Levels seen in this place.
 G = Mean time per level.
                   A        B        C        D        E       F      G
               +--------+--------+--------+--------+--------+-----+--------+
         Total |    158 |    158 |      0 |      0 |    125 |   1 |  158.0 |
       Dungeon |    158 |    158 |      0 |      0 |    125 |   1 |  158.0 |
               +--------+--------+--------+--------+--------+-----+--------+

Top non-repeatable levels by time:
     D:1: 158 daAuts
